 Dungeon Crawl Stone Soup version 0.30-a0-385-gfebfb9b408 (webtiles) character file.

Game seed: 5485505532501530428

168 leviel the Chopper (level 5, 0/47 HPs)
             Began as a Hill Orc Fighter on Dec 2, 2022.
             Slain by an ogre
             ... wielding a +0 giant club
              (28 damage)
             ... on level 3 of the Dungeon.
             The game lasted 00:02:59 (1887 turns).

leviel the Chopper (Hill Orc Fighter)               Turns: 1887, Time: 00:03:00

Health: 0/47       AC:  8    Str: 21    XL:     5   Next: 49%
Magic:  5/5        EV:  9    Int:  8    God:
Gold:   129        SH:  4    Dex: 10    Spells: 4/4 levels left

rFire   + . .      SeeInvis .    a - +0 war axe (vamp)
rCold   . . .      Faith    .    c - +0 buckler
rNeg    + . .      Spirit   .    b - +0 scale mail
rPois   .          Reflect  .    (no helmet)
rElec   .          Harm     .    (no cloak)
rCorr   .          Rampage  .    k - +0 pair of gloves
Will    .....                    (no boots)
Stlth   ..........               (no amulet)
HPRegen 0.27/turn                e - ring of protection from fire
MPRegen 0.09/turn                f - ring of positive energy

@: no status effects
A: no striking features
a: no special abilities


You were on level 3 of the Dungeon.
You visited 1 branch of the dungeon, and saw 3 of its levels.

You collected 129 gold pieces.

Inventory:

Hand Weapons
 a - a +0 vampiric war axe (weapon)
Armour
 b - a +0 scale mail (worn)
 c - a +0 buckler (worn)
 k - a +0 pair of gloves (worn)
Jewellery
 e - a ring of protection from fire (left hand)
 f - a ring of positive energy (right hand)
Wands
 i - a wand of mindburst (14)
Scrolls
 m - a scroll of magic mapping {unknown}
 n - a scroll of identify {@r1}
 o - a scroll of poison {unknown}
Potions
 d - 2 potions of might
 g - a potion of brilliance {unknown}
 h - 2 potions of curing {unknown}
 j - 3 potions of mutation {unknown}
 l - a potion of ambrosia {unknown}


   Skills:
 + Level 4.6 Fighting
 * Level 4.9 Axes
 + Level 4.2 Armour
 + Level 4.1 Shields


You had 4 spell levels left.
You didn't know any spells.
Your spell library contained the following spells:

 Spells                   Type           Power      Damage    Failure   Level
 Slow                     Hex            0%         N/A       83%         1
 Blink                    Tloc           0%         N/A       92%         2
 Momentum Strike          Conj/Tloc      0%         3d8       92%         2
 Lesser Beckoning         Tloc           0%         N/A       99%         3


Dungeon Overview and Level Annotations

Branches:
Dungeon (3/15)

Altars:

Shops:
D:1 (=


Message History

You are too injured to fight recklessly!
You are too injured to fight recklessly!
You are too injured to fight recklessly!
There are monsters nearby!
There are monsters nearby!
You are too injured to fight recklessly!
You barely miss the rat. You slash the endoplasm!
You kill the endoplasm!
The rat bites you but does no damage.
You slash the rat!
You feel better.
You kill the rat!
You see here a rat corpse.
A hobgoblin comes into view.
o - a scroll labelled XABRUA KIEBB A hobgoblin is nearby!
A hobgoblin is nearby!
You are too injured to fight recklessly!
The hobgoblin shouts!
A goblin comes into view. It is wielding a +0 club.
You slash the hobgoblin!
You kill the hobgoblin!
You hit the goblin.
You kill the goblin!
An ogre comes into view. It is wielding a +0 giant club.
You hear the slow rusting of a very distant drain.
The ogre shouts!
Things that are here:
a +0 club; a goblin corpse
There is an open door here.
You slash the ogre!
You feel better.
The ogre is moderately wounded.
The ogre hits you with a +0 giant club!
You hit the ogre.
The ogre is heavily wounded.
The ogre misses you.
You slash the ogre!
You feel better.
The ogre is almost dead.
The ogre hits you with a +0 giant club!!
Ouch! That really hurt!
You die...

.....#'#...#
#..<).)
#....)†..#+
#..####
##........## #..
#.........# #..
+#..............
#.........####..
##........## #..
#...)....#'. #..
......#@#...#...
..#####O##..# ..
. ... #.# .....
.# ####### #


You could see an ogre.

Vanquished Creatures
  An orc wizard (D:3)
  4 gnolls
  3 adders
  2 worms (D:2)
  A dart slug (D:3)
  9 orcs
  8 ball pythons
  8 bats
  3 endoplasms
  8 goblins
  4 hobgoblins
  3 kobolds
  2 quokkas
  2 frilled lizards
  2 rats
60 creatures vanquished.

Vanquished Creatures (others)
  A plant (D:2)
1 creature vanquished.

Grand Total: 61 creatures vanquished

Notes
Turn   | Place    | Note
-------+----------+-------------------------------------------
     0 | D:1      | leviel the Hill Orc Fighter began the quest for the Orb.
     0 | D:1      | Reached XP level 1. HP: 19/19 MP: 1/1
   142 | D:1      | Reached XP level 2. HP: 26/27 MP: 2/2
   173 | D:1      | Found Cokho's Jewellery Boutique.
   195 | D:1      | Found Zoedgheim's Weapon Shop.
   779 | D:2      | Reached XP level 3. HP: 33/33 MP: 3/3
   914 | D:2      | Found a faded altar of an unknown god.
   922 | D:2      | Got Plato's Papyrus of Fascination
  1291 | D:2      | Reached XP level 4. HP: 40/40 MP: 4/4
  1756 | D:3      | Reached XP level 5. HP: 47/47 MP: 5/5
  1882 | D:3      | Noticed an ogre
  1887 | D:3      | Slain by an ogre

Illustrated notes

Levels and vault maps discovered:
D:1:      sevenhm_arrival_forest_fort_small_6, layout_loops_ring, serial_shops,
          nicolae_shop_bloodbath_and_beyond, nicolae_shop_trees
D:2:      layout_loops_corners, shapermc_ecumenical_altar_rom_forum,
          corexii_shack, corexii_leaking_fountain
D:3:      layout_loops_ring, cheibrodos_sewer_entry_sluice, minmay_pentangle,
          uniq_natasha

Skill      XL: |  1  2  3  4 |
---------------+-------------+-----
Axes           | 3 4 |  4.9
Fighting       | 4 |  4.6
Armour         | 4 |  4.2
Shields        | 4 |  4.1

Action                   |  1- 3 |  4- 6 || total
-------------------------+-------+-------++-------
Melee: War axe           |    81 |    68 ||   149
  Use: Scroll            |     2 |       ||     2
Armor: Scale mail        |    53 |    30 ||    83
Dodge: Dodged            |    49 |    32 ||    81
Block: Buckler           |    32 |    20 ||    52

Table legend: (Time is in decaauts)
 A = Elapsed time spent in this place.
 B = Non-inter-level travel time spent in this place.
 C = Inter-level travel time spent in this place.
 D = Time resting spent in this place.
 E = Time spent auto-exploring this place.
 F = Levels seen in this place.
 G = Mean time per level.
                   A        B        C        D        E       F      G
               +--------+--------+--------+--------+--------+-----+--------+
         Total |   1938 |   1846 |     92 |    110 |   1352 |   3 |  646.0 |
       Dungeon |   1938 |   1846 |     92 |    110 |   1352 |   3 |  646.0 |
               +--------+--------+--------+--------+--------+-----+--------+

Top non-repeatable levels by time:
     D:1: 925 daAuts
     D:2: 858 daAuts
     D:3: 154 daAuts
